 Dungeon Crawl Stone Soup version 0.17-a0-1174-ge06b3cc (webtiles) character file.

11 NekoKawashu the Grave Robber (level 2, 0/19 HPs)
             Began as a Mummy Necromancer on May 29, 2015.
             Slain by a worm (11 damage)
             ... on level 2 of the Dungeon.
             The game lasted 00:03:29 (394 turns).

NekoKawashu the Grave Robber (Mummy Necromancer)     Turns: 394, Time: 00:03:29

Health: 0/19       AC:  5    Str: 11    XL:     2   Next: 17%
Magic:  2/5        EV: 12    Int: 14    God:
Gold:   41         SH:  0    Dex: 12    Spells: 1 memorised, 4 levels left

rFire  x . .     SeeInvis .     f - +0 rapier
rCold  + . .     Clarity  .     d - +0 robe
rNeg   + + +     SustAt   .     (no shield)
rPois  ∞         Gourm    .     (no helmet)
rElec  .         Spirit   .     (no cloak)
rCorr  .         Warding  .     (no gloves)
rMut   .         Stasis   .     (no boots)
MR     .....                    (no amulet)
Stlth  ++........               (no ring)
                                c - +3 ring of protection

@: not resistant to hostile enchantments, unstealthy
A: no food or potions, fire vulnerability, cold resistance 1, negative energy
resistance 3, torment resistance, unbreathing
a: no special abilities


You were on level 2 of the Dungeon.
You were not hungry.

You visited 1 branch of the dungeon, and saw 2 of its levels.

You collected 41 gold pieces.

Inventory:

Hand weapons
 f - a +0 rapier (weapon)
Armour
 a - a +0 robe
 d - a +0 robe (worn)
Jewellery
 c - a +3 ring of protection (left hand)
Scrolls
 e - 3 scrolls of teleportation {unknown}
Books
 b - a book of Necromancy

   Spells                             Type                      Level
   a - Pain                           Necromancy                   1
   b - Animate Skeleton               Necromancy                   1
   c - Vampiric Draining              Necromancy                   3
   d - Regeneration                   Charms/Necromancy            3
   e - Animate Dead                   Necromancy                   4
   f - Control Undead                 Necromancy                   4


   Skills:
 + Level 1.7 Dodging
 + Level 1.5 Stealth
 + Level 2.1 Spellcasting
 + Level 4.3 Necromancy


You had 4 spell levels left.
You knew the following spells:

 Your Spells              Type           Power        Failure   Level  Hunger
a - Pain                  Necr           ##..         4%          1    N/A

Dungeon Overview and Level Annotations

Branches:
Dungeon (2/15)

Altars:
Okawaru


Innate Abilities, Weirdness & Mutations

You do not eat or drink.
Your flesh is vulnerable to fire.
You are immune to poison.
Your flesh is cold resistant.
You are immune to negative energy.
You are immune to unholy pain and torment.
You can survive without breathing.


Message History

Casting: Pain
Confirm with . or Enter, or press ? or * to list all spells.
Aiming: Pain
Press: ? - help, Shift-Dir - straight line, f - hobgoblin
Aim: a hobgoblin, wielding a club (chance to defeat MR: 83%)
The hobgoblin convulses in agony!
The hobgoblin barely misses you. The worm closely misses you.
The hobgoblin hits you but does no damage.
The hobgoblin hits you but does no damage.
You see here a ball python corpse.
Casting: Pain
Confirm with . or Enter, or press ? or * to list all spells.
Aiming: Pain
Press: ? - help, Shift-Dir - straight line, f/p - hobgoblin
Aim: a hobgoblin, wielding a club (lightly wounded, chance to defeat MR: 83%)
The hobgoblin convulses in agony!
You kill the hobgoblin!
The worm bites you!
Ouch! That really hurt!
You die...

#)#..#####...#.# ####
#.#.†###..)....#
...######'#......##..###
## #........#######..# .#
#........#######..####.##
.#
#........#...............
######.#.#.######..###.#.
#.######.#.# ######..#
#........#.# #.@.....#
########..#.# #w)......#
###...)...#.# #........#
.##.####..# #.........#
....# #..# #.........#
.#..####.## #........>#
###.......# #.......#.# #
######### ..###+#.#.# #.#
.#


You could see a worm.

Vanquished Creatures
  2 bats (D:1)
  A giant cockroach (D:2)
  2 goblins
  2 hobgoblins (D:2)
  A ball python (D:2)
  2 kobolds
10 creatures vanquished.

Vanquished Creatures (others)
  5 toadstools (D:1)
5 creatures vanquished.

Grand Total: 15 creatures vanquished

Notes
Turn   | Place    | Note
--------------------------------------------------------------
     0 | D:1      | NekoKawashu the Mummy Necromancer began the quest for the Orb.
     0 | D:1      | Reached XP level 1. HP: 13/13 MP: 3/3
   281 | D:1      | You fall through a shaft!
   283 | D:2      | Found an iron altar of Okawaru.
   338 | D:2      | Reached XP level 2. HP: 16/19 MP: 1/5
   394 | D:2      | Slain by a worm

Vault maps used:
D:1:      ldierk_walled_garden, minmay_misc_feat_tiny
D:2:      lemuel_round_altar, roderic_roman_lattice

Action                   || total
-------------------------++-------
Melee: Unarmed           ||     9
       Rapier            ||     4
 Cast: Pain              ||    14
